 Dungeon Crawl Stone Soup version 0.28.0-49-g6dfe1f597d (webtiles) character file.

Game seed: 7391476906407100404

87 rel the Cutter (level 4, 0/29 HPs)
             Began as a Kobold Berserker on May 11, 2022.
             Was a Follower of Trog.
             Slain by a gnoll
             ... wielding a +0 club
              (2 damage)
             ... on level 2 of the Dungeon.
             The game lasted 00:04:13 (2579 turns).

rel the Cutter (Kobold Berserker)                   Turns: 2579, Time: 00:04:14

Health: 0/29       AC:  2    Str: 14    XL:     4   Next: 80%
Magic:  4/4        EV: 15    Int:  8    God:    Trog [*.....]
Gold:   60         SH:  0    Dex: 16    Spells: 3/3 levels left

rFire   . . .      SeeInvis .   a - +0 short sword
rCold   . . .      Faith    .   (no shield)
rNeg    . . .      Spirit   .   b - +0 animal skin
rPois   .          Reflect  .   (no helmet)
rElec   .          Harm     .   (no cloak)
rCorr   .          Rampage  .   (no gloves)
Will    .....                   (no boots)
Stlth   +++.......              (no amulet)
HPRegen 0.09/turn               (no ring)
MPRegen 0.09/turn               (no ring)

@: on berserk cooldown, slowed, very slow
A: small, no large weapons, nightstalker 3
a: Renounce Religion, Berserk


You were on level 2 of the Dungeon.
You worshipped Trog.
Trog was aware of your devotion.
You visited 1 branch of the dungeon, and saw 2 of its levels.

You collected 60 gold pieces.

Inventory:

Hand Weapons
 a - a +0 short sword (weapon)
Armour
 b - a +0 animal skin (worn)
Wands
 f - a wand of polymorph (11)
Scrolls
 c - a scroll of torment {unknown}
 d - a scroll of immolation {unknown}
Potions
 e - 2 potions of mutation {unknown}


   Skills:
 + Level 4.0 Fighting
 + Level 5.3 Short Blades
 + Level 1.7 Armour
 + Level 3.3 Dodging
 + Level 1.3 Stealth


You had 3 spell levels left.
You didn't know any spells.
Your spell library was empty.

Dungeon Overview and Level Annotations

Branches:
Dungeon (2/15)

Altars:
Trog


Innate Abilities, Weirdness & Mutations

You are small and have problems with some larger weapons.
You are completely attuned to the shadows.


Message History

You hit the gnoll.
The gnoll is moderately wounded.
The gnoll hits you with a +0 whip.
You hit the gnoll.
The gnoll is severely wounded.
You closely miss the gnoll.
The gnoll is severely wounded.
The gnoll hits you with a +0 whip.
A red film seems to cover your vision as you go berserk!
You feel yourself moving faster!
You feel mighty! The gnoll hits you with a +0 whip!
You puncture the gnoll!
You kill the gnoll!
Trog accepts your kill.
The gnoll shouts!
Things that are here:
a +0 whip; a gnoll corpse A gnoll comes into view.
It is wielding a +0 club.
You feel a strong urge to attack something.
The gnoll closely misses you.
Things that are here:
a +0 whip; a gnoll corpse You barely miss the gnoll.
The gnoll closely misses you.
You puncture the gnoll!
The gnoll is severely wounded.
You puncture the gnoll!
You kill the gnoll!
Trog accepts your kill.
You are no longer berserk.
You are exhausted.
You feel yourself slow down.
Your Fighting skill increases to level 4!
You hit the gnoll.
The gnoll is lightly wounded.
The gnoll hits you with a +0 club!
* * * LOW HITPOINT WARNING * * *
You hit the gnoll.
The gnoll is moderately wounded.
The gnoll hits you with a +0 club.
You die...

.....##.
........
.....### ####.#
##..#.# #.# #.#
##..... #.# #.#
..... #.# #.#
#.)#####.# #.#
#..g@....# #.#
#.######.# #.#
#.
####.########.#
..
..............#
###
####.##########
#.# ###


You could see a gnoll.

Vanquished Creatures
  3 adders (D:2)
  2 gnolls (D:2)
  A dart slug (D:1)
  3 bats (D:1)
  2 endoplasms (D:1)
  2 giant cockroaches
  5 goblins
  4 hobgoblins (D:1)
  3 jackals (D:1)
  5 kobolds
  2 quokkas (D:1)
  2 ball pythons (D:1)
  A frilled lizard (D:1)
  3 rats
38 creatures vanquished.

Notes
Turn   | Place    | Note
-------+----------+-------------------------------------------
     0 | D:1      | rel the Kobold Berserker began the quest for the Orb.
     0 | D:1      | Reached XP level 1. HP: 14/14 MP: 1/1
   677 | D:1      | Reached XP level 2. HP: 9/19 MP: 2/2
  1320 | D:1      | Reached XP level 3. HP: 23/23 MP: 3/3
  1871 | D:1      | Found a faded altar of an unknown god.
  2209 | D:2      | Reached skill level 5 in Short Blades
  2209 | D:2      | Reached XP level 4. HP: 24/29 MP: 4/4
  2519 | D:2      | Reached skill level 1 in Stealth
  2534 | D:2      | Found a bloodstained altar of Trog.
  2579 | D:2      | Slain by a gnoll

Illustrated notes

Levels and vault maps discovered:
D:1:      psy_arrival_radial02, layout_basic, shapermc_ecumenical_altar_petra
D:2:      layout_basic, basic_altar, minmay_tetromino_l4, uniq_sigmund,
          uniq_crazy_yiuf_cottage

Skill      XL: |  1  2  3  4 |
---------------+-------------+-----
Dodging        | 3 |  3.3
Short Blades   | 5 |  5.3
Stealth        | 1 |  1.3
Fighting       | 4 |  4.0
Armour         | |  1.7

Action                   |  1- 3 |  4- 6 || total
-------------------------+-------+-------++-------
Melee: Short sword       |    90 |    20 ||   110
Invok: Berserk           |     1 |     1 ||     2
 Stab: Sleeping          |     4 |     2 ||     6
Armor: Animal skin       |    14 |     1 ||    15
Dodge: Dodged            |   109 |     6 ||   115
